 Dungeon Crawl Stone Soup version 0.28.0-43-g3370ac3207 (webtiles) character file.

Game seed: 2933215703269668195

147 unlimited1921 the Magician (level 5, -1/38 HPs)
             Began as a Djinni Fire Elementalist on Mar 5, 2022.
             Slain by Crazy Yiuf
             ... wielding a +4 quarterstaff of chaos
              (18 damage)
             ... on level 2 of the Dungeon.
             The game lasted 00:12:17 (6545 turns).

unlimited1921 the Magician (DjFE)                   Turns: 6545, Time: 00:12:18

Health: -1/38      AC:  2    Str:  7    XL:     5   Next: 55%
Gold:   11         EV: 12    Int: 19    God:
                   SH:  0    Dex: 13

rFire   + + .      SeeInvis .   t - +1 falchion (holy)
rCold   x . .      Faith    .   (no shield)
rNeg    . . .      Spirit   .   a - +0 robe
rPois   ∞          Reflect  .   (no helmet)
rElec   .          Harm     .   (no cloak)
rCorr   .          Rampage  .   (no gloves)
Will    .....                   (boots unavailable)
Stlth   ++........              (no amulet)
HPRegen 0.12/turn               (no ring)
MPRegen 0.00/turn               (no ring)

@: flying
A: sickness immunity, fire resistance 2, cold vulnerability 1, float, innate
caster, HP casting, extra vitality 1
a: no special abilities


You were on level 2 of the Dungeon.
You visited 1 branch of the dungeon, and saw 2 of its levels.

You collected 93 gold pieces.
You spent 82 gold pieces at shops.

Inventory:

Hand Weapons
 d - a +0 hunting sling
 l - a +0 falchion
 m - a +0 dagger of draining
 t - a +1 falchion of holy wrath (weapon)
 v - a +3 mace
Missiles
 c - 60 stones
 h - 3 javelins
Armour
 a - a +0 robe (worn)
 j - a +2 buckler
 u - a +0 helmet
Wands
 k - a wand of flame (13) (quivered)
Scrolls
 e - 3 scrolls of teleportation {unknown}
 g - a scroll of silence {unknown}
 n - a scroll of torment {unknown}
 q - a scroll of noise {unknown}
 r - a scroll of fog {unknown}
 s - 2 scrolls of identify {unknown}
Potions
 b - a potion of haste {unknown}
 f - a potion of ambrosia {unknown}
 i - a potion of invisibility {unknown}
 o - a potion of attraction {unknown}
 p - a potion of mutation {unknown}


   Skills:
 * Level 2.1 Fighting
 + Level 0.3(0.5) Short Blades
 + Level 0.3(0.4) Long Blades
 + Level 2.6 Dodging
 + Level 2.1 Stealth
 + Level 3.6 Spellcasting


You couldn't memorise any spells.
You knew the following spells:

 Your Spells              Type           Power      Damage    Failure   Level
a - Foxfire               Conj/Fire      68%        2x1d7     3%          1
b - Scorch                Fire           34%        2d7       4%          2
c - Conjure Flame         Conj/Fire      17%        6-21      10%         3
d - Inner Flame           Hex/Fire       17%        N/A       10%         3
e - Flame Wave            Conj/Fire      17%        2d6       32%         4
f - Summon Small Mammal   Summ           68%        N/A       3%          1
g - Corpse Rot            Necr/Air       34%        N/A       4%          2
Your spell library was empty.

Dungeon Overview and Level Annotations

Branches:
Dungeon (2/15)

Altars:

Shops:
D:1 [   D:2 *

Annotations:
D:2 Crazy Yiuf


Innate Abilities, Weirdness & Mutations

You are immune to sickness and miasma.
You are immune to poison.
Your flesh is very heat resistant. (rF++)
You are vulnerable to cold. (rC-)
You float through the air rather than walking.
You learn spells naturally, not from books.
Your magical power is your life essence.
You have superior vitality. (+4 MHP)


Message History

Done waiting.
You start waiting.
Done waiting.
c - 60 stones (gained 8)
There is a stone staircase leading up here.
You see here 15 arrows.
You see here a +0 mace.
You reach down and open the door.
Casting: Foxfire (safe; 3% risk of failure)
Confirm with . or Enter, or press ? or * to list all spells.
Aiming: Inner Flame (dangerous; 10% risk of failure)
Press: ? - help, Dir - move target, f - Crazy Yiuf
Aim: Crazy Yiuf, wielding a +4 quarterstaff of chaos, wearing a +1 cloak of preservation and carrying a wand of flame (10) (wandering, hasn't noticed you, chance to affect: 78%) Crazy Yiuf shouts!
Crazy Yiuf is filled with an inner flame.
Crazy Yiuf drinks a potion.
Crazy Yiuf goes berserk!
Casting: Inner Flame (dangerous; 10% risk of failure)
Confirm with . or Enter, or press ? or * to list all spells.
You miscast Scorch.
You are very lightly contaminated with residual magic.
Nothing appears to happen.
Crazy Yiuf barely misses you. Crazy Yiuf closely misses you.
You hear a shout!
Crazy Yiuf closely misses you.
Casting: Scorch (safe; 4% risk of failure)
Confirm with . or Enter, or press ? or * to list all spells.
You conjure some foxfire!
Crazy Yiuf misses you.
Crazy Yiuf hits you with a +4 quarterstaff of chaos!
The foxfire hits Crazy Yiuf.
Flame seeps out of Crazy Yiuf.
Crazy Yiuf is lightly wounded.
The foxfire hits Crazy Yiuf.
Flame seeps out of Crazy Yiuf.
Crazy Yiuf is moderately wounded.
Crazy Yiuf is engulfed in blazing flames.
Flame seeps out of Crazy Yiuf.
Your magical contamination has completely faded away.
Casting: Foxfire (safe; 3% risk of failure)
Confirm with . or Enter, or press ? or * to list all spells.
You conjure some foxfire!
Crazy Yiuf hits you with a +4 quarterstaff of chaos!!
You die...

...........##.# #.#
###.....^..##.# #.#
############# #.#
#.#########
#.........# ###
♣♣###.######.# #)..#♣♣
♣♣..)..# #.#
#...'.♣♣♣♣...)..# #.#
#...#♣..♣○g@v..## #.#
### ♣♣♣.♣.)v.## #.#
♣♣♣♣♣### #.# ######.#
##### #############
#..)...# ....#
#...........###.######
#####
###.#######.)[))..#
#.# #####.#.#
##########.# #<#.#


You could see Crazy Yiuf (berserk, inner flame, ally target).

Vanquished Creatures
  Terence (D:2)
  Robin (D:2)
  4 adders (D:2)
  A worm (D:2)
  3 dart slugs
  7 ball pythons
  7 bats
  4 endoplasms
  A giant cockroach (D:2)
  10 goblins
  8 hobgoblins
  5 quokkas
  3 frilled lizards
  A kobold (D:2)
  5 rats
61 creatures vanquished.

Vanquished Creatures (others)
  198 foxfires
198 creatures vanquished.

Grand Total: 259 creatures vanquished

Notes
Turn   | Place    | Note
-------+----------+-------------------------------------------
     0 | D:1      | unlimited1921 the Djinni Fire Elementalist began the quest
                  | for the Orb.
     0 | D:1      | Reached XP level 1. HP: 15/15 MP: 0/0
   247 | D:1      | Reached XP level 2. HP: 19/22 MP: 0/0
   946 | D:1      | Found Telat's Armour Shop.
  1479 | D:1      | Reached XP level 3. HP: 24/26 MP: 0/0
  1479 | D:1      | Learned a level 1 spell: Summon Small Mammal
  1769 | D:1      | Found a faded altar of an unknown god.
  1801 | D:1      | Reached skill level 1 in Fighting
  2862 | D:2      | Reached skill level 3 in Spellcasting
  3439 | D:2      | Reached XP level 4. HP: 27/32 MP: 0/0
  3705 | D:2      | Noticed Terence
  3720 | D:2      | Killed Terence
  5129 | D:2      | Reached XP level 5. HP: 33/37 MP: 0/0
  5129 | D:2      | Learned a level 2 spell: Corpse Rot
  5483 | D:2      | Found Buptex's Assorted Antiques.
  5491 | D:2      | Bought a green potion for 19 gold pieces
  5491 | D:2      | Bought a blue potion for 19 gold pieces
  5491 | D:2      | Bought a scroll labelled UPTONI JYB BOUM for 22 gold pieces
  5491 | D:2      | Bought a scroll labelled DIXACU JOPTEA for 22 gold pieces
  5676 | D:2      | Noticed Robin
  5682 | D:2      | Killed Robin
  6009 | D:2      | Found a runed translucent door.
  6010 | D:2      | Noticed Crazy Yiuf
  6545 | D:2      | Slain by Crazy Yiuf

Illustrated notes

Levels and vault maps discovered:
D:1:      dpeg_arrival_arbitrary_c, layout_basic,
          hellmonk_ecumenical_altar_inner_sanctum, serial_shops,
          nicolae_shop_statue_plus
D:2:      layout_loops_ring, serial_shops, nicolae_shop_overgrown_old_shop,
          patterned_corridor, uniq_robin, uniq_crazy_yiuf_cottage, uniq_terence

Skill      XL: |  1  2  3  4  5 |
---------------+----------------+-----
Fighting       | 1 2 |  2.1
Spellcasting   | 3 |  3.6
Stealth        | 2 |  2.1
Short Blades   | |  0.3
Long Blades    | |  0.3
Dodging        | |  2.6

Action                   |  1- 3 |  4- 6 || total
-------------------------+-------+-------++-------
Melee: Dagger            |     2 |       ||     2
       Short sword       |    12 |       ||    12
       Punch             |     2 |       ||     2
       Falchion          |       |    11 ||    11
 Cast: Foxfire           |    68 |    68 ||   136
       Inner Flame       |       |     1 ||     1
 Stab: Sleeping          |     1 |       ||     1
Armor: Robe              |     6 |     4 ||    10
Dodge: Dodged            |    21 |    20 ||    41
